Map: Oxide LE

Players

DPGRogue (Rogue) - Winner!

  • Race: Zerg Zerg

DPGDark (Dark)

  • Race: Zerg Zerg
  • League: Master

Event: ASUS ROG Fall 2021

VOD

Have the link to the VOD?

Description

Time

  • Played on: Sept. 19, 2021, 12:57 p.m.
  • Length: 17:06

All games in this series

Show
View Real Time Build Order
Export as new Build Order

DPGRogue Zerg - Winner!

Build Orders: 1 Base Baneling Bust, Pool First, Lurkers 

Get SALT Encoding   

  12  0:11  Extractor  
  11  0:19  Spawning Pool  
  10  0:24  Drone  
  11  0:29  Drone  
  13  0:35  Drone  
  13  0:47  Overlord  
  13  1:05  Zergling x2  
  13  1:06  Zergling x2  
  13  1:07  Zergling x2  
  16  1:12  Metabolic Boost  
  16  1:18  Zergling x2  
  17  1:31  Baneling Nest  
  16  1:33  Zergling x2  
  17  1:40  Zergling x2  
  18  1:51  Zergling x2  
  19  1:57  Queen  
  21  2:04  Zergling x2  
  22  2:14  Overlord  
  22  2:18  Baneling x2  
  22  2:32  Baneling x2  
  22  2:38  Drone x2  
  25  2:44  Drone  
  24  2:56  Drone  
  21  3:10  Hatchery  
  21  3:12  Zergling x2  
  21  3:15  Drone  
  22  3:21  Drone  
  22  3:22  Drone  
  22  3:26  Drone  
  25  3:38  Queen  
  28  3:41  Drone  
  28  3:46  Drone  
  29  3:51  Overlord  
  29  4:10  Drone  
  29  4:11  Drone x4  
  29  4:12  Drone  
  35  4:20  Lair  
  35  4:24  Extractor  
  35  4:26  Drone  
  35  4:29  Drone  
  36  4:33  Drone  
  36  4:34  Drone  
  38  4:45  Drone x2  
  40  4:48  Drone x2  
  40  4:49  Drone  
  43  4:54  Overlord  
  43  4:58  Extractor  
  43  4:59  Extractor, Baneling x2  
  41  5:03  Drone x3  
  44  5:11  Overlord  
  44  5:19  Drone  
  44  5:22  Queen, Baneling x2, Spire  
  44  5:26  Zergling x4  
  47  5:30  Zergling x2  
  47  5:33  Overseer  
  48  5:38  Drone x3  
  51  5:50  Overlord  
  51  5:51  Drone x4  
  51  5:56  Baneling x2  
  55  6:01  Overlord  
  55  6:02  Overlord  
  55  6:10  Evolution Chamber  
  54  6:11  Overlord  
  54  6:36  Mutalisk x5  
  64  6:44  Mutalisk x3  
  64  6:46  Drone x2  
  64  6:47  Drone x2  
  74  6:58  Hatchery  
  72  7:09  Drone x7  
  79  7:16  Mutalisk x2  
  79  7:22  Drone x2  
  85  7:23  Zerg Missile Weapons Level 1  
  85  7:28  Roach Warren, Overlord  
  84  7:32  Drone  
  85  7:42  Drone x4  
  85  7:43  Evolution Chamber  
  88  7:46  Drone  
  89  7:55  Drone  
  89  7:57  Extractor  
  88  7:59  Overlord  
  88  8:01  Baneling  
  88  8:02  Baneling x7  
  88  8:12  Glial Reconstitution  
  88  8:14  Zerg Ground Armor Level 1, Roach  
  88  8:15  Roach x6  
  101  8:22  Drone x3  
  100  8:30  Drone x2  
  100  8:32  Extractor  
  99  8:36  Drone x3  
  99  8:40  Drone x3  
  99  8:41  Drone x2  
  107  8:43  Drone  
  107  8:45  Hatchery  
  107  8:47  Overlord  
  107  8:50  Overlord  
  107  8:59  Roach  
  107  9:00  Roach x2  
  107  9:01  Overlord x2  
  113  9:05  Pneumatized Carapace  
  113  9:11  Roach x5  
  123  9:18  Zerg Missile Weapons Level 2  
  123  9:20  Nydus Network, Roach x2  
  123  9:21  Overseer  
  123  9:23  Overseer  
  126  9:24  Roach x2  
  126  9:29  Roach x2  
  134  9:34  Roach x4  
  134  9:38  Roach  
  144  9:46  Roach  
  144  9:47  Overlord x3  
  144  9:52  Overlord  
  146  10:02  Roach  
  146  10:03  Roach x2  
  146  10:04  Overlord  
  152  10:09  Ravager x5  
  152  10:10  Ravager, Roach x5  
  152  10:11  Roach  
  152  10:12  Nydus Canal  
  170  10:18  Roach x3  
  170  10:21  Roach  
  178  10:33  Nydus Canal  
  178  10:34  Roach  
  178  10:35  Roach x7  
  184  10:44  Roach x4  
  190  10:50  Roach  
  190  10:51  Overlord  
  190  10:56  Infestation Pit  
  191  10:57  Hydralisk Den  
  191  11:02  Roach  
  194  11:11  Roach x4  
  180  11:20  Roach x5  
  180  11:21  Roach x5  
  180  11:24  Roach x2  
  172  11:28  Roach  
  172  11:31  Nydus Canal  
  172  11:32  Roach  
  150  11:34  Roach x2  
  150  11:35  Roach x2  
  130  11:41  Roach x3  
  134  11:48  Overseer  
  134  11:53  Roach x6  
  146  12:01  Roach x3  
  152  12:08  Roach x2  
  156  12:11  Hive  
  156  12:14  Drone  
  156  12:15  Drone x9  
  166  12:16  Extractor  
  166  12:21  Drone x2  
  167  12:23  Lurker Den  
  167  12:24  Extractor  
  167  12:25  Overseer  
  167  12:28  Ravager x2  
  167  12:40  Roach x5  
  177  12:44  Hatchery  
  176  12:51  Hydralisk  
  176  12:52  Hydralisk x3  
  184  13:01  Ravager x2  
  184  13:02  Hydralisk  
  184  13:03  Hydralisk x3  
  194  13:24  Seismic Spines, Zerg Missile Weapons Level 3  
  194  13:28  Drone x3, Spine Crawler  
  194  13:29  Spine Crawler  
  195  13:37  Lurker x2  
  195  13:38  Lurker  
  198  13:42  Lurker  
  198  13:45  Overlord  
  199  13:52  Spine Crawler x2  
  199  13:55  Spine Crawler  
  196  13:59  Spore Crawler, Overlord  
  195  14:04  Extractor x2  
  195  14:05  Lurker x4  
  197  14:14  Grooved Spines  
  197  14:16  Drone x3  
  200  14:19  Spine Crawler  
  200  14:21  Adaptive Talons  
  199  14:29  Hydralisk  
  197  14:47  Zerg Ground Armor Level 2  
  197  14:50  Hydralisk x2  
  197  15:00  Hydralisk  
  199  15:26  Muscular Augments  
  199  15:27  Overseer, Drone  
  199  16:24  Hydralisk  
  199  16:32  Overseer  
  199  16:43  Overseer  
  165  16:59  Hatchery  
Show
View Real Time Build Order
Export as new Build Order

DPGDark Zerg 

Build Orders: Hatch First, Lurkers 

Get SALT Encoding   

  12  0:00  Drone  
  13  0:12  Overlord  
  13  0:17  Drone  
  14  0:31  Drone x2  
  16  0:47  Hatchery  
  15  0:51  Drone  
  15  0:55  Drone  
  17  0:59  Drone  
  18  1:07  Drone  
  18  1:10  Extractor  
  18  1:16  Spawning Pool  
  17  1:20  Drone  
  18  1:28  Drone  
  19  2:02  Queen  
  19  2:03  Zergling x4  
  19  2:04  Spine Crawler  
  19  2:06  Zergling x2  
  19  2:07  Zergling x2  
  26  2:13  Baneling Nest  
  26  2:15  Zergling x4  
  25  2:34  Overlord  
  25  2:35  Overlord  
  24  2:56  Queen, Drone  
  24  2:57  Baneling x2, Drone  
  22  3:04  Drone  
  22  3:11  Zergling x2  
  23  3:15  Zergling x2  
  23  3:18  Drone  
  25  3:27  Drone  
  25  3:28  Drone  
  27  3:39  Drone  
  28  3:52  Hatchery  
  28  3:54  Drone  
  28  3:58  Drone  
  29  4:03  Metabolic Boost  
  29  4:07  Drone  
  30  4:10  Drone  
  30  4:17  Drone  
  32  4:31  Drone  
  32  4:32  Drone  
  32  4:33  Zergling x2, Drone  
  36  4:40  Overlord  
  36  4:51  Zergling x2  
  37  5:01  Zergling x6  
  40  5:08  Drone x2  
  42  5:14  Baneling x2  
  42  5:17  Zergling x4  
  39  5:23  Hatchery  
  39  5:25  Queen  
  39  5:26  Drone x2  
  42  5:29  Drone  
  43  5:37  Drone x3  
  43  5:42  Drone x2  
  48  5:47  Drone  
  49  5:53  Drone  
  49  5:56  Drone  
  50  5:58  Drone  
  50  6:03  Lair  
  51  6:10  Overlord  
  51  6:11  Evolution Chamber  
  50  6:16  Overlord  
  50  6:18  Drone  
  51  6:21  Drone  
  52  6:28  Queen  
  52  6:29  Drone x2  
  52  6:30  Drone x2  
  52  6:31  Roach Warren  
  58  6:32  Drone  
  58  6:37  Zerg Missile Weapons Level 1, Drone  
  58  6:38  Baneling, Drone  
  58  6:39  Extractor  
  59  6:42  Queen  
  59  6:46  Drone x2  
  63  6:49  Extractor  
  63  6:52  Spore Crawler  
  63  6:53  Drone x2  
  63  6:59  Overlord  
  63  7:01  Drone x3  
  66  7:06  Spore Crawler  
  64  7:08  Drone x2  
  64  7:09  Drone  
  64  7:10  Glial Reconstitution  
  67  7:16  Spore Crawler  
  67  7:18  Spore Crawler  
  67  7:19  Queen  
  67  7:23  Spore Crawler  
  67  7:25  Drone x2  
  68  7:30  Drone x4  
  68  7:34  Drone x3  
  75  7:39  Spore Crawler, Roach  
  75  7:40  Roach  
  78  7:46  Infestation Pit  
  77  7:52  Spore Crawler  
  77  7:53  Drone x4  
  77  7:54  Drone x3  
  81  7:59  Overlord  
  81  8:02  Overlord  
  81  8:11  Overlord  
  81  8:14  Overlord  
  81  8:17  Drone  
  81  8:18  Drone x2, Overlord  
  84  8:25  Extractor  
  79  8:29  Drone x3  
  79  8:33  Roach x4, Zerg Missile Weapons Level 2  
  94  8:34  Roach x2  
  94  8:35  Spore Crawler  
  94  8:38  Roach  
  94  8:40  Extractor x2  
  92  8:41  Roach x2  
  94  8:49  Roach  
  94  8:54  Roach x3  
  94  8:55  Roach x2  
  106  8:58  Roach  
  106  8:59  Roach x2  
  106  9:00  Roach x2  
  118  9:03  Roach x2  
  118  9:05  Overlord, Hydralisk Den  
  118  9:09  Extractor  
  118  9:12  Overlord  
  118  9:18  Overlord  
  118  9:20  Overlord  
  118  9:22  Overlord x2  
  118  9:23  Overlord  
  118  9:25  Roach x2  
  118  9:30  Roach x2  
  126  9:34  Roach  
  126  9:36  Roach x2  
  131  9:38  Roach  
  131  9:42  Roach  
  131  9:44  Ravager x3  
  139  9:45  Ravager x2  
  139  9:48  Roach x2  
  139  9:51  Roach  
  139  9:52  Drone  
  146  9:55  Roach  
  146  9:58  Roach  
  150  10:00  Roach  
  150  10:01  Roach  
  150  10:03  Roach  
  156  10:08  Drone  
  156  10:09  Lurker Den, Drone  
  156  10:11  Drone x2  
  159  10:17  Drone x2  
  159  10:22  Extractor, Roach x2  
  159  10:27  Roach  
  164  10:30  Roach  
  164  10:32  Roach x2  
  164  10:34  Roach  
  169  10:36  Roach  
  168  10:46  Extractor  
  168  10:48  Overlord  
  168  10:49  Roach  
  169  10:50  Overlord x3  
  169  10:59  Overlord  
  169  11:01  Overlord  
  168  11:07  Extractor, Hydralisk  
  168  11:08  Hydralisk x2  
  173  11:12  Roach  
  173  11:14  Roach x2  
  173  11:16  Roach  
  173  11:17  Roach  
  167  11:22  Roach  
  148  11:27  Roach x5  
  142  11:36  Roach x2  
  142  11:38  Drone  
  130  11:40  Lurker  
  130  11:42  Lurker  
  130  11:46  Drone x2  
  133  11:48  Roach  
  133  11:59  Lurker  
  133  12:00  Zerg Ground Armor Level 1  
  134  12:01  Hydralisk  
  134  12:02  Hydralisk  
  134  12:04  Drone  
  134  12:06  Roach x2  
  143  12:10  Roach  
  145  12:17  Roach x2  
  145  12:20  Roach  
  151  12:27  Lurker  
  151  12:28  Lurker  
  153  12:32  Hydralisk x2  
  153  12:35  Drone  
  158  12:37  Drone x2  
  158  12:40  Hive  
  160  12:46  Drone x3  
  160  12:47  Drone  
  164  12:53  Hydralisk x2  
  164  12:54  Roach x2  
  173  12:58  Lurker  
  173  13:01  Lurker  
  173  13:04  Roach  
  173  13:05  Roach x2  
  180  13:06  Overlord  
  180  13:16  Roach x3  
  180  13:19  Lurker  
  187  13:21  Overlord, Roach x3  
  193  13:28  Spore Crawler  
  193  13:29  Spore Crawler  
  191  13:35  Lurker  
  191  13:37  Overseer  
  192  13:43  Nydus Network  
  190  13:49  Overlord  
  190  13:51  Adaptive Talons  
  190  13:58  Hydralisk x3  
  196  14:12  Hydralisk x2  
  196  14:16  Zerg Missile Weapons Level 3  
  200  14:17  Hatchery  
  199  14:38  Overseer  
  199  14:41  Lurker  
  200  14:48  Roach x3  
  200  14:50  Lurker x3  
  193  14:55  Nydus Canal  
  190  15:07  Lurker  
  190  15:13  Overseer  
  190  15:15  Overlord  
  190  15:28  Viper x2  
  196  15:48  Viper  
  197  15:55  Overseer  
  197  15:59  Spore Crawler  
  197  16:00  Spore Crawler x2  
  194  16:07  Evolution Chamber  
  194  16:09  Evolution Chamber  
  194  16:10  Evolution Chamber  
  194  16:11  Evolution Chamber  
  162  16:40  Hydralisk x5  
Tags
 
Add a new tag
Caveats
  • Supply blocks, unpowered buildings, or Contaminate may cause inaccurate times.
  • Supply counts are checked every 10 seconds.